AoeStats
← 皮蛋不是蛋

Arena

510312777Analyzed
2v2 RM · 11h ago on Sep 30, 2026· 50m 6s· 4 players
Game mode
Random Map
Map size
Medium (4 player)
Population
200
Speed
Normal
Resources
Standard
Victory
Conquest
Starting age
Dark Age
Ending age
Imperial Age
RankedLock teamsTeams togetherTeam positionsShared explorationLock speedFull tech treeHidden civsTurbo modeCheats
Victory
Defeat
🇻🇳 Romans · Vietnam
1177
+16
🇻🇳 Teutons · Vietnam
1153
+17
🇹🇷 Romans · Türkiye
1180
-16
🇹🇷 Burgundians · Türkiye
1180
-17
Nghĩa Phan Xá
10:42 Feudal Age
10:23 Loom
14:27 Castle Age
12:46 Double-Bit Axe
12:59 Horse Collar
17:44 Bow Saw
19:22 Man-at-Arms
20:37 Long Swordsman
21:54 Scale Mail Armor
22:54 Gold Mining
23:13 Heavy Plow
24:11 Stone Mining
26:23 Chain Mail Armor
26:18 Forging
30:41 Imperial Age
28:29 Forging
30:03 Iron Casting
29:39 Padded Archer Armor
30:03 Squires
31:10 Ballistics
32:15 Leather Archer Armor
31:30 Legionary
31:32 Capped Ram
32:54 Wheelbarrow
32:06 Town Watch
32:50 Conscription
34:01 Blast Furnace
33:32 Ring Archer Armor
33:17 Siege Ram
35:35 Crop Rotation
38:17 Heavy Scorpion
40:23 Ballistas
42:59 Hand Cart
43:27 Fletching
46:58 Comitatenses
46:10 Sappers
48:50 Bodkin Arrow
50:00 Chemistry
Xin đừng đánh em
10:26 Feudal Age
10:53 Double-Bit Axe
13:42 Loom
16:54 Castle Age
15:09 Gold Mining
14:58 Man-at-Arms
16:08 Horse Collar
17:07 Forging
19:23 Squires
20:17 Long Swordsman
21:25 Scale Mail Armor
21:59 Pikeman
23:37 Town Watch
27:36 Heresy
27:59 Wheelbarrow
33:31 Imperial Age
31:18 Heavy Plow
31:42 Bow Saw
32:57 Scale Barding Armor
33:28 Iron Casting
33:08 Bloodlines
33:59 Chain Mail Armor
33:31 Gambesons
33:50 Halberdier
34:58 Conscription
34:17 Two-Handed Swordsman
36:51 Blast Furnace
37:29 Plate Mail Armor
38:01 Hand Cart
39:08 Chain Barding Armor
39:52 Champion
41:10 Plate Barding Armor
41:52 Cavalier
47:08 Paladin
49:39 Caravan
花生厚片
11:24 Feudal Age
14:54 Castle Age
12:56 Double-Bit Axe
13:21 Horse Collar
16:18 Wheelbarrow
15:46 Heavy Plow
15:58 Bow Saw
16:23 Gold Mining
20:58 Hand Cart
21:48 Stone Mining
25:31 Scale Mail Armor
25:41 Forging
26:18 Gold Shaft Mining
28:48 Imperial Age
28:28 Scale Barding Armor
29:40 Siege Engineers
32:00 Ballistics
32:06 Murder Holes
32:46 Chain Mail Armor
33:58 Conscription
34:04 Heavy Scorpion
36:01 Chemistry
35:12 Fortified Wall
35:58 Iron Casting
40:57 Crop Rotation
41:09 Squires
40:37 Pikeman
42:20 Ballistas
44:06 Halberdier
皮蛋不是蛋
10:30 Feudal Age
10:49 Double-Bit Axe
10:49 Horse Collar
13:06 Bow Saw
16:57 Castle Age
15:35 Heavy Plow
15:48 Bow Saw
16:44 Gold Mining
19:34 Scale Barding Armor
21:03 Two-Man Saw
23:43 Gold Shaft Mining
24:52 Chain Barding Armor
24:37 Cavalier
28:22 Wheelbarrow
27:35 Loom
31:07 Hand Cart
31:38 Husbandry
31:54 Forging
33:12 Iron Casting
33:40 Crop Rotation
38:08 Imperial Age
38:59 Crossbowman
40:13 Paladin
41:21 Paladin
42:13 Fletching
43:04 Light Cavalry
44:17 Stone Mining
44:25 Bodkin Arrow
45:08 Paladin
47:10 Paladin
Connection lost

Rejoining the realm…

Still unreachable

The connection could not be restored.

Session expired

The server has moved on; the page needs a fresh start.